 Dungeon Crawl Stone Soup version 0.28-a0-655-g4eb62b627b (webtiles) character file.

Game seed: 14631906410606483527

0 Gwenloh the Chopper (level 1, -1/18 HPs)
             Began as a Minotaur Gladiator on Oct 13, 2021.
             Slain by a bullfrog (4 damage)
             ... on level 3 of the Dungeon.
             The game lasted 00:00:27 (18 turns).

Gwenloh the Chopper (Minotaur Gladiator)              Turns: 18, Time: 00:00:27

Health: -1/18      AC:  3    Str: 18    XL:     1   Next: 0%
Magic:  0/0        EV: 12    Int:  5    God:
Gold:   0          SH:  0    Dex: 11    Spells: 0/0 levels left

rFire   . . .      SeeInvis .   a - +0 war axe
rCold   . . .      Faith    .   (no shield)
rNeg    . . .      Spirit   .   b - +0 leather armour
rPois   .          Reflect  .   c - +0 hat
rElec   .          Harm     .   (no cloak)
rCorr   .          Rampage  .   (no gloves)
Will    .....                   (no boots)
Stlth   +.........              (no amulet)
HPRegen 0.06/turn               (no ring)
MPRegen 0.07/turn               (no ring)

@: no status effects
A: horns 2, retaliatory headbutt
a: no special abilities


You were on level 3 of the Dungeon.
You visited 1 branch of the dungeon, and saw 3 of its levels.

Inventory:

Hand Weapons
 a - a +0 war axe (weapon)
Missiles
 d - 3 throwing nets (quivered)
Armour
 b - a +0 leather armour (worn)
 c - a +0 hat (worn)


   Skills:
 + Level 2.4 Fighting
 * Level 3.6 Axes
 + Level 2.0 Throwing
 + Level 3.2 Dodging


You couldn't memorise any spells.
You didn't know any spells.
Your spell library was empty.

Dungeon Overview and Level Annotations

Branches:
Dungeon (3/15)

Altars:
Makhleb

Annotations:
D:2 Natasha


Innate Abilities, Weirdness & Mutations

You have a pair of horns on your head.
You reflexively headbutt those who attack you in melee.


Message History

Found a staircase leading out of the dungeon.
You fall into a shaft and drop 1 floor!
The shaft crumbles and collapses.
Natasha, Servant of Life and Death comes into view.
Natasha hisses angrily.
Found 21 stones and 3 gold pieces.
Found a stone staircase leading down.
A ball python comes into view.
Found a stone staircase leading up.
The ball python hisses angrily.
A giant cockroach comes into view.
There is a stone staircase leading down here.
You barely miss the ball python.
The ball python bites you but does no damage.
The ball python closely misses you.
Natasha mumbles some strange words.
The ball python barely misses you. The ball python closely misses you.
You can't go up here!
The ball python bites you. The ball python closely misses you.
You climb downwards.
The hobgoblin shouts!
You hear a loud, deep croak!
There is a stone staircase leading up here.
The hobgoblin hits you but does no damage.
The hobgoblin hits you. The hobgoblin hits you.
A bullfrog comes into view.
The ball python barely misses you. The ball python closely misses you.
A ball python comes into view.
The ball python hisses angrily.
The bullfrog croaks.
Found a burning altar of Makhleb.
The Executioner gives a hideous shriek!
The bullfrog hits you.
* * * LOW HITPOINT WARNING * * *
The ball python barely misses you. The ball python misses you.
You completely miss the ball python. Your headbutt misses the ball python.
The ball python bites you but does no damage.
The ball python barely misses you.
You slash the ball python!
You kill the ball python!
The bullfrog hits you.
You die...

##### ...... #
.....#
##########.....#
#1#_.@Fg.......#
#######S........
# ###.O......#
#..........#
##...#.....#
##O.#.....#
#.........
.#######.........
....O..<.........


You could see an Executioner, an ogre, a bullfrog, a hobgoblin and a ball
python.

Vanquished Creatures
  A ball python (D:3)
1 creature vanquished.

Notes
Turn   | Place    | Note
-------+----------+-------------------------------------------
     0 | D:1      | Gwenloh the Minotaur Gladiator began the quest for the Orb.
     0 | D:1      | Reached XP level 1. HP: 18/18 MP: 0/0
     2 | D:1      | You fall into a shaft and drop 1 floor!
     2 | D:2      | Noticed Natasha
     6 | D:2      | Noticed a crimson imp
     7 | D:3      | Noticed an ogre
    11 | D:3      | Noticed a bullfrog
    14 | D:3      | Found a burning altar of Makhleb.
    14 | D:3      | Noticed an Executioner
    18 | D:3      | Slain by a bullfrog

Illustrated notes

Levels and vault maps discovered:
D:1:      amcnicky_arrival_single_pillar, layout_basic
D:2:      layout_loops_ring, basic_altar, shapermc_ecumenical_altar_rom_forum,
          minmay_misc_feat_hallway, uniq_natasha
D:3:      layout_rooms, makhleb_altar_promises_db, general_overflow_altar,
          glass_columns_a, cheibrodos_gnoll_hut, uniq_robin, uniq_sigmund,
          uniq_terence, uniq_ijyb

Action                   || total
-------------------------++-------
Melee: War axe           ||     3
Armor: Leather armour    ||     3
Dodge: Dodged            ||     9

Table legend: (Time is in decaauts)
 A = Elapsed time spent in this place.
 B = Non-inter-level travel time spent in this place.
 C = Inter-level travel time spent in this place.
 D = Time resting spent in this place.
 E = Time spent auto-exploring this place.
 F = Levels seen in this place.
 G = Mean time per level.
                   A        B        C        D        E       F      G
               +--------+--------+--------+--------+--------+-----+--------+
         Total |     18 |     18 |      0 |      0 |      2 |   3 |    6.0 |
       Dungeon |     18 |     18 |      0 |      0 |      2 |   3 |    6.0 |
               +--------+--------+--------+--------+--------+-----+--------+

Top non-repeatable levels by time:
     D:3: 11 daAuts
     D:2: 5 daAuts
     D:1: 2 daAuts
